 Dungeon Crawl Stone Soup version 0.24-a0-368-g0e0cebd0f3 (webtiles) character file.

Game seed: 14336333996572155982

387 Ijustatesigmund the Skirmisher (level 6, 0/44 HPs)
             Began as an Octopode Fighter on May 28, 2019.
             Slain by a goblin
             ... wielding a +0 club
              (3 damage)
             ... on level 3 of the Dungeon.
             The game lasted 00:06:43 (3108 turns).

Ijustatesigmund the Skirmisher (Octopode Fighter)   Turns: 3108, Time: 00:06:43

Health: 0/44       AC:  1    Str: 16    XL:     6   Next: 78%
Magic:  6/6        EV: 12    Int: 10    God:
Gold:   221        SH:  9    Dex: 13    Spells: 5/5 levels left

rFire    . . .     SeeInvis .   a - +0 flail
rCold    . . .     Gourm    .   b - +0 shield
rNeg     . . .     Faith    .   (helmet restricted)
rPois    .         Spirit   .   (no amulet)
rElec    .         Reflect  .   m - ring of stealth
rCorr    .         Harm     .   (no ring)
MR       .....                  (no ring)
Stlth    +++.......             (no ring)
HPRegen  0.14/turn              (no ring)
MPRegen  0.10/turn              (no ring)
                                (no ring)
                                (no ring)

@: no status effects
A: almost no armour, stealthy swim, amphibious, 8 rings, constrict 8, camouflage
1, gelatinous body 1
a: no special abilities


You were on level 3 of the Dungeon.
You were not hungry.

You visited 1 branch of the dungeon, and saw 3 of its levels.

You collected 221 gold pieces.

Inventory:

Hand Weapons
 a - a +0 flail (weapon)
Armour
 b - a +0 shield (worn)
Jewellery
 m - a ring of stealth (left tentacle)
Potions
 e - a potion of curing
 h - 3 potions of lignification {unknown}
 j - a potion of flight {unknown}
 l - a potion of degeneration {unknown}
Comestibles
 d - a ration


   Skills:
 + Level 4.6 Fighting
 + Level 4.6 Maces & Flails
 + Level 4.0 Dodging
 + Level 4.0 Shields


You had 5 spell levels left.
You didn't know any spells.
Your spell library was empty.

Dungeon Overview and Level Annotations

Branches:
Dungeon (3/15)

Altars:
Elyvilon
Okawaru
Vehumet
The Shining One


Innate Abilities, Weirdness & Mutations

You cannot wear most types of armour.
You are very stealthy in the water. (Stealth+)
You are amphibious.
You can wear up to eight rings at the same time.
You can use your tentacles to constrict eight enemies at once.
Your skin changes colour to match your surroundings (Stealth+).
Your rubbery body absorbs attacks. (AC +1, EV +1)


Message History

You block the hobgoblin's attack.
The goblin shoots a stone.
The stone closely misses you. You block the hobgoblin's attack.
The hobgoblin hits you with a +0 club.
You hit the hobgoblin but do no damage. You grab the hobgoblin.
You constrict the hobgoblin. The hobgoblin hits you with a +0 club.
* * * LOW HITPOINT WARNING * * *
The goblin hits you but does no damage. The hobgoblin barely misses you. x3
You block the gnoll's attack. The hobgoblin misses you.
You block the goblin's attack.
Unknown command.
You hit the hobgoblin.
The hobgoblin is heavily wounded.
You constrict the hobgoblin. You block the hobgoblin's attack.
The hobgoblin hits you with a cursed -2 club.
* * * LOW HITPOINT WARNING * * *
The gnoll hits you from afar with a +0 spear!
* * * LOW HITPOINT WARNING * * *
The hobgoblin struggles to escape constriction.
The goblin hits you with a +0 club.
You die...

.......................÷.........
≈..≈≈≈≈≈.≈....≈≈.≈.≈...≈.≈.≈≈..≈.
≈≈≈≈÷≈≈≈≈≈≈≈≈≈≈≈≈≈≈≈≈≈≈≈≈≈≈≈≈≈≈≈≈
≈≈≈≈≈≈≈≈≈≈≈≈≈≈≈≈≈≈≈≈≈≈≈≈≈≈≈≈≈≈≈≈≈
≈≈≈≈≈≈≈≈#####≈≈≈≈≈≈≈≈≈≈≈≈≈≈≈≈≈≈≈≈
≈≈≈≈≈≈≈≈# #####################
≈≈≈≈≈≈≈≈# #...g..........#..)..
≈≈≈≈≈≈≈≈# #..ggg....[....')....
≈≈≈≈≈≈≈≈## #.gg@(...(.....######
≈≈≈≈≈≈≈≈≈#....gg########...÷.()..
≈≈≈≈≈≈≈≈≈#....gg #...).....
#≈≈≈≈≈≈≈≈#......########....).÷..
#≈≈≈≈≈≈≈##'##..............######
##≈≈≈≈≈≈#. #..............))....
#≈≈≈≈≈≈# #.............)#.....
##≈≈≈≈≈# #####################
##≈≈≈≈#####≈≈≈≈≈≈≈≈≈≈≈≈≈≈≈≈≈≈≈≈


You could see a gnoll, 4 hobgoblins and 5 goblins.

Vanquished Creatures
  2 big kobolds (D:3)
  5 gnolls (D:3)
  7 adders
  An ooze (D:3)
  2 worms
  A dart slug (D:2)
  2 leopard geckos (D:3)
  7 bats
  5 giant cockroaches
  27 goblins
  29 hobgoblins
  4 jackals (D:2)
  A quokka (D:2)
  A ball python (D:2)
  5 frilled lizards
  13 kobolds
  10 rats
122 creatures vanquished.

Notes
Turn   | Place    | Note
-------+----------+-------------------------------------------
     0 | D:1      | Ijustatesigmund the Octopode Fighter began the quest for
                  | the Orb.
     0 | D:1      | Reached XP level 1. HP: 16/16 MP: 1/1
    77 | D:1      | Reached XP level 2. HP: 21/21 MP: 2/2
   627 | D:2      | Found a radiant altar of Vehumet.
   641 | D:2      | Reached XP level 3. HP: 25/26 MP: 3/3
   907 | D:2      | Found an iron altar of Okawaru.
  1023 | D:2      | Found a faded altar of an unknown god.
  1052 | D:2      | Found a glowing golden altar of the Shining One.
  1091 | D:2      | Reached XP level 4. HP: 29/32 MP: 4/4
  1104 | D:2      | Found a white marble altar of Elyvilon.
  1954 | D:3      | Reached XP level 5. HP: 33/37 MP: 5/5
  2710 | D:3      | Noticed a big kobold
  2710 | D:3      | Noticed a big kobold
  2715 | D:3      | Killed a big kobold
  2715 | D:3      | Reached XP level 6. HP: 39/43 MP: 6/6
  3108 | D:3      | Slain by a goblin

Levels and vault maps discovered:
D:1:      evilmike_arrival_run_for_it, layout_rooms
D:2:      layout_basic, vehumet_crystals, nicolae_overflow_crystal_walls,
          tso_metal_star, old_standard_altar, chequers_ecumenical_altar_island,
          minmay_crystal_water
D:3:      minmay_goblin_kobold_castle, layout_basic, first_ration

Skill      XL: |  1  2  3  4  5  6 |
---------------+-------------------+-----
Maces & Flails | 3 4 |  4.6
Fighting       | 4 |  4.6
Shields        | 4 |  4.0
Dodging        | 4 |  4.0

Action                   |  1- 3 |  4- 6 || total
-------------------------+-------+-------++-------
Melee: Flail             |    69 |   136 ||   205
       Tentacles         |    12 |    23 ||    35
       Constrict         |    18 |    29 ||    47
  Use: Scroll            |     3 |     2 ||     5
       Potion            |       |     3 ||     3
 Stab: Sleeping          |    15 |    11 ||    26
       Distracted        |     1 |       ||     1
  Eat: Chunk             |       |     6 ||     6
       Ration            |       |     1 ||     1
Armor: Skin              |     5 |     5 ||    10
Dodge: Dodged            |    27 |    86 ||   113
Block: Shield            |    27 |    73 ||   100

Table legend:
 A = Non-vault XP
 B = Vault XP
 C = Vault XP percentage of total XP
 D = Non-vault monster count
 E = Vault monster count
 F = Vault count percentage of total count
                 A         B        C        D         E       F
            +---------+---------+-------+---------+---------+-------
      Total |     195 |     358 |  64.7 |      68 |      54 |  44.3
            +---------+---------+-------+---------+---------+-------
        D:1 |      26 |       5 |  16.1 |      19 |       1 |   5.0
        D:2 |      95 |       0 |   0.0 |      31 |       0 |   0.0
        D:3 |      74 |     353 |  82.7 |      18 |      53 |  74.6
            +---------+---------+-------+---------+---------+-------
